 Dungeon Crawl Stone Soup version 0.30.0-19-g36f170ea60 (console) character file.

Game seed: 1423672792006685031

2 miau the Firebug (level 1, 7/7 HPs)
             Began as a Felid Fire Elementalist on May 28, 2023.
             Quit the game on level 1 of the Dungeon.
             The game lasted 00:00:51 (86 turns).

miau the Firebug (Felid Fire Elementalist)            Turns: 86, Time: 00:00:52

Health: 7/7        AC:  1    Str:  4    XL:     1   Next: 33%
Magic:  4/4        EV: 17    Int: 16    God:
Gold:   0          SH:  0    Dex: 16    Spells: 3/4 levels left
                                        Lives:  0   Deaths: 0

rFire   . . .        (weapon unavailable)
rCold   . . .        (shield unavailable)
rNeg    . . .        (body armour unavailable)
rPois   .            (helmet unavailable)
rElec   .            (cloak unavailable)
rCorr   .            (gloves unavailable)
SInv    +            (boots unavailable)
Will    .....        (no amulet)
Stlth   ++           (no ring)
HPRegen 0.21/turn    (no ring)
MPRegen 0.09/turn

%: no passive effects
@: quick
A: very small, claws 1, fangs 3, see invisible, speed 1, shaggy fur 1, stealthy
paws, no weapons or thrown items, no armour, multi-lived
a: no special abilities


You were on level 1 of the Dungeon.
You visited 1 branch of the dungeon, and saw 1 of its levels.

Inventory:

Potions
 a - a potion of magic


   Skills:
 + Level 2.6 Dodging
 + Level 2.6 Stealth
 + Level 2.0 Spellcasting
 + Level 0.8 Conjurations
 + Level 2.9 Fire Magic


You had 3 spell levels left.
You knew the following spells:

 Your Spells              Type           Power      Damage    Failure   Level
a - Foxfire               Conj/Fire      28%        2x1d5     10%         1

Your spell library contained the following spells:

 Spells                   Type           Power      Damage    Failure   Level
 Scorch                   Fire           20%        2d6       10%         2
 Inner Flame              Hex/Fire       6%         N/A       34%         3
 Volatile Blastmotes      Fire/Tloc      12%        2d11      34%         3
 Flame Wave               Conj/Fire      7%         2d5       67%         4


Dungeon Overview and Level Annotations

Branches:
Dungeon (1/15)

Altars:


Innate Abilities, Weirdness & Mutations

You have sharp claws.
You have razor-sharp teeth.
You have supernaturally acute eyesight. (SInv)
You cover ground quickly. (Speed+)
You are covered in fur. (AC +1)
Your paws help you pounce on unaware monsters.
You are incapable of wielding weapons or throwing items.
You cannot wear armour.
You gain extra lives every three experience levels.


Message History

Welcome, miau the Felid Fire Elementalist.
A smirking vizier told you that the Orb of Zot is just within this dungeon.
Press ? for a list of commands and other information.
Found a staircase leading out of the dungeon.
Okay, then.
You open the door.
There is an open door here.
A ball python comes into view.
Sorry, you're not good enough to have a special ability.
Casting: Foxfire (safe; 10% risk of failure)
Confirm with . or Enter, or press ? or * to list all spells.
You conjure some foxfire!
Unknown command.
The ball python hisses angrily.
The foxfire hits the ball python.
The ball python is severely wounded.
The foxfire hits the ball python.
You kill the ball python!
Magic restored.
An endoplasm comes into view.
Casting: Foxfire (safe; 10% risk of failure)
Confirm with . or Enter, or press ? or * to list all spells.
You conjure some foxfire!
The endoplasm quivers.
The foxfire hits the endoplasm.
The endoplasm is almost dead.
Casting: Foxfire (safe; 10% risk of failure)
Confirm with . or Enter, or press ? or * to list all spells.
You conjure some foxfire!
The foxfire hits the endoplasm.
You kill the endoplasm!
Your foxfire dissipates!
Found a scale mail.
Enter note: q Are you sure you want to abandon this character and quit the game? (Confirm with "yes".)

###..# ..#..#
#######.#..#
......#.#..#####+#
.####.#.#......#.#
....#.#....###.#.#
###.#.#.#..# #.#.#
..#.#.#.#..###.#.####.#
..#.#.#.#†............#
<.#.#.'.#..###.#.######
..#.#.#.#.## #.#@#
..#.#.#.#...............
###.#.#.#.####......[###
....#.#.# ............
.####.#.. ###........##
......#.# #........#
#######.# ...#####...
#### ..#


There were no monsters in sight!

Vanquished Creatures
  A ball python (D:1)
  An endoplasm (D:1)
2 creatures vanquished.

Vanquished Creatures (others)
  4 foxfires (D:1)
4 creatures vanquished.

Grand Total: 6 creatures vanquished

Notes
Turn   | Place    | Note
-------+----------+-------------------------------------------
     0 | D:1      | miau the Felid Fire Elementalist began the quest for the
                  | Orb.
     0 | D:1      | Reached XP level 1. HP: 7/7 MP: 4/4
    86 | D:1      | q
    86 | D:1      | Quit the game

Illustrated notes

###..# ..#..#
#######.#..#
......#.#..#####+#
.####.#.#......#.#
....#.#....###.#.#
###.#.#.#..# #.#.#
..#.#.#.#..###.#.####.#
..#.#.#.#†............#
<.#.#.'.#..###.#.######
..#.#.#.#.## #.#@#
..#.#.#.#...............
###.#.#.#.####......[###
....#.#.# ............
.####.#.. ###........##
......#.# #........#
#######.# ...#####...
#### ..#


Turn 86 on D:1: q

Levels and vault maps discovered:
D:1:      matt_arrival_refuge, layout_basic, kennysheep_flooded_box

Action                     || total
---------------------------++-------
   Cast: Foxfire           ||     3
